 Dungeon Crawl Stone Soup version 0.22-a0-374-g5dfd9e3 (webtiles) character file.

53 VajrapaniSR the Vandal (level 3, -2/25 HPs)
             Began as an Octopode Hunter on Apr 26, 2018.
             Slain by a quokka (4 damage)
             ... on level 3 of the Dungeon.
             The game lasted 00:04:38 (705 turns).

VajrapaniSR the Vandal (Octopode Hunter)             Turns: 705, Time: 00:04:39

Health: -2/25      AC:  1    Str: 11    XL:     3   Next: 87%
Magic:  3/3        EV: 14    Int: 13    God:
Gold:   34         SH:  0    Dex: 13    Spells: 2/2 levels left

rFire    . . .     SeeInvis .     - Unarmed
rCold    . . .     Gourm    .   (no shield)
rNeg     . . .     Faith    .   (helmet restricted)
rPois    .         Spirit   .   (no amulet)
rElec    .         Reflect  .   (no ring)
rCorr    .         Harm     .   (no ring)
MR       .....                  (no ring)
Stlth    +++.......             (no ring)
HPRegen  0.08/turn              (no ring)
MPRegen  0.08/turn              (no ring)
                                (no ring)
                                (no ring)

@: lethally poisoned (-2 -> -5)
A: almost no armour, stealthy swim, amphibious, 8 rings, constrict 8, camouflage
1, gelatinous body 1
a: no special abilities


You were on level 3 of the Dungeon.
You were not hungry.

You visited 1 branch of the dungeon, and saw 4 of its levels.

You collected 34 gold pieces.

Inventory:

Hand Weapons
 a - a +1 hunting sling
Missiles
 c - 11 sling bullets
 f - 3 stones (quivered)
Scrolls
 b - a scroll of identify
 e - 2 scrolls of enchant armour
 g - a scroll of magic mapping
Comestibles
 d - 6 rations {@w1}
 h - a chunk of flesh


   Skills:
 + Level 2.4 Fighting
 - Level 4.0 Slings
 + Level 2.5 Dodging
 + Level 2.5 Stealth
 * Level 2.0 Unarmed Combat


You had 2 spell levels left.
You didn't know any spells.

Dungeon Overview and Level Annotations

Branches:
Dungeon (4/15)
 Temple: D:4-7

Altars:
Ashenzari
Okawaru

Annotations:
D:3 VDreamerV's ghost, amateur BaTm


Innate Abilities, Weirdness & Mutations

You cannot wear most types of armour.
You are very stealthy in the water. (Stealth+)
You are amphibious.
You can wear up to eight rings at the same time.
You can use your tentacles to constrict eight enemies at once.
Your skin changes colour to match your surroundings (Stealth+).
Your rubbery body absorbs attacks. (AC +1, EV +1)


Message History

Level annotation: VDreamerV's ghost, amateur BaTm The adder bites you.
You are poisoned.
The adder poisons you! The adder barely misses you.
There is a stone staircase leading down here.
Unknown command.
You tentacle-slap the adder. You grab the adder.
The adder is lightly wounded.
You constrict the adder.
You feel sick. The adder closely misses you. The quokka bites you.
You tentacle-slap the adder.
The adder is heavily wounded.
You constrict the adder, but do no damage.
The adder bites you. The rat closely misses you. The quokka barely misses you.
You tentacle-slap the adder.
The adder is severely wounded.
You constrict the adder.
You feel sick. The adder bites you.
* * * LOW HITPOINT WARNING * * *
The quokka bites you.
You die...

. #. ### #.#.## ..#
#.#... ..# #.....
.(# .....## .[#
##.#....##
..######..........#
......<........r@#
...###.#.#.....Sr#
##.# .............
.............#...#
...#.........#.#...
...#.!..#.#.#._.#.##
...#......#..#.# .#
#.......r . .# .#


You could see an adder, a quokka and a rat.

Vanquished Creatures
  2 adders
  2 worms (D:4)
  A dart slug (D:3)
  An orc (D:4)
  A giant cockroach (D:1)
  2 hobgoblins (D:1)
  4 jackals
  3 kobolds
  A ball python (D:3)
  3 bats (D:1)
  3 frilled lizards
  3 goblins
  4 rats
30 creatures vanquished.

Notes
Turn   | Place    | Note
-------+----------+-------------------------------------------
     0 | D:1      | VajrapaniSR the Octopode Hunter began the quest for the Orb.
     0 | D:1      | Reached XP level 1. HP: 14/14 MP: 1/1
   184 | D:1      | Found a shattered altar of Ashenzari.
   237 | D:1      | Reached XP level 2. HP: 10/19 MP: 2/2
   309 | D:1      | Reached skill level 1 in Unarmed Combat
   446 | D:3      | Reached XP level 3. HP: 10/24 MP: 3/3
   676 | D:3      | Noticed VDreamerV's ghost (amateur BaTm)
   688 | D:3      | Found an iron altar of Okawaru.
   705 | D:3      | Slain by a quokka

Vault maps used:
D:1:      scummos_arrival_simple_crosswalls, evilmike_ruin_ashenzari
D:2:      chequers_temple_overflow_minitemple, lemuel_doored_altar,
          first_ration, chequers_ecumenical_altar_island,
          nicolae_ru_path_of_blood
D:3:      okawaru_metal_pillars_3
D:4:      eino_tiny_chamber

Skill      XL: |  1  2  3 |
---------------+----------+-----
Unarmed Combat | 1 2 |  2.0
Stealth        | 2 |  2.5
Fighting       | |  2.4
Slings         | |  4.0
Dodging        | |  2.5

Action                   || total
-------------------------++-------
Melee: Unarmed           ||    70
       Constrict         ||    21
       Tentacles         ||     6
 Fire: Hunting sling     ||    23
  Use: Scroll            ||     2
 Stab: Sleeping          ||     5
Armor: Skin              ||    13
Dodge: Dodged            ||    62

Table legend:
 A = Spawn XP
 B = Non-spawn XP
 C = Spawn XP percentage of total XP
 D = Spawn monster count
 E = Non-spawn monster count
 F = Spawn count percentage of total count
 G = Total turns spent on level
                    A         B        C        D         E        F      G
               +---------+---------+-------+---------+---------+-------+---------
         Total |       0 |      76 |   0.0 |       0 |      30 |   0.0 |   705
               +---------+---------+-------+---------+---------+-------+---------
           D:1 |       0 |      16 |   0.0 |       0 |      12 |   0.0 |   367
           D:2 |       0 |      13 |   0.0 |       0 |       3 |   0.0 |    56
           D:3 |       0 |      13 |   0.0 |       0 |       7 |   0.0 |   117
           D:4 |       0 |      34 |   0.0 |       0 |       8 |   0.0 |   165
               +---------+---------+-------+---------+---------+-------+---------
